AoeStats
← Boar

Nomad

510479895Analyzed
4v4 RM · 1d ago on Oct 1, 2026· 59m 49s· 8 players
Game mode
Random Map
Map size
231×231
Population
200
Speed
Normal
Resources
Standard
Victory
Conquest
Starting age
Dark Age
Ending age
Imperial Age
RankedLock teamsTeams togetherTeam positionsShared explorationLock speedFull tech treeHidden civsTurbo modeCheats
Victory
Defeat
🇹🇼 Celts · Taiwan
1424
+15
🇨🇳 Persians · China
1402
+16
🇯🇵 Aztecs · Japan
1383
+16
🇭🇰 Danes · Hong Kong SAR China
1382
+16
🇹🇼 Vietnamese · Taiwan
1501
-20
🇺🇸 Saracens · United States
1372
-15
🇹🇼 Mongols · Taiwan
1354
-14
🇨🇳 Persians · China
1351
-14
JINJIN
4:01 Loom
12:48 Feudal Age
16:01 Double-Bit Axe
18:27 Castle Age
16:55 Gold Mining
17:06 Fletching
19:29 Medium Warships
19:21 Bodkin Arrow
20:25 Bow Saw
22:59 Fishing Lines
23:15 Horse Collar
26:57 Ballistics
29:16 Heavy Plow
29:52 Wheelbarrow
32:21 Hand Cart
32:42 Gold Shaft Mining
36:23 Imperial Age
37:18 Furor Celtica
36:29 Capped Ram
37:04 Heavy Scorpion
38:05 Siege Engineers
38:46 Siege Ram
40:43 Chemistry
41:46 Forging
41:36 Scale Mail Armor
43:26 Masonry
43:12 Murder Holes
43:03 Arrowslits
43:16 Stone Mining
43:58 Pikeman
45:27 Halberdier
48:07 Iron Casting
47:48 Chain Mail Armor
53:19 Blast Furnace
52:49 Plate Mail Armor
55:09 Onager
56:16 Siege Onager
Nekomi
6:22 Loom
13:16 Feudal Age
15:39 Double-Bit Axe
21:54 Forging
23:57 Fletching
32:18 Castle Age
33:23 Bow Saw
34:02 Wheelbarrow
34:00 Gold Mining
33:45 Eagle Warrior
35:13 Scale Mail Armor
36:35 Chain Mail Armor
48:25 Hand Cart
49:04 Arson
49:20 Squires
49:05 Gambesons
49:28 Stone Mining
53:12 Imperial Age
51:24 Horse Collar
52:08 Heavy Plow
53:48 Iron Casting
53:21 Elite Eagle Warrior
54:36 Plate Mail Armor
55:21 Garland Wars
57:44 Blast Furnace
57:07 Pikeman
59:59 Conscription
Boar
11:13 Loom
13:57 Feudal Age
14:35 Horse Collar
14:44 Double-Bit Axe
15:31 Town Watch
18:31 Castle Age
21:22 Scale Barding Armor
23:34 Forging
27:19 Wheelbarrow
27:00 Bloodlines
27:39 Gold Mining
28:56 Bow Saw
28:55 Heavy Plow
29:20 Husbandry
31:55 Chain Barding Armor
33:26 Iron Casting
35:24 Gold Shaft Mining
36:42 Hand Cart
36:20 Pikeman
37:01 Squires
39:48 Imperial Age
37:57 Scale Mail Armor
39:48 Chain Mail Armor
39:34 Capped Ram
39:38 Halberdier
39:41 Cavalier
41:26 Conscription
41:19 Savar
43:33 Plate Barding Armor
44:18 Heavy Camel Rider
48:11 Plate Mail Armor
48:44 Blast Furnace
47:51 Arson
48:17 Stone Mining
49:04 Crop Rotation
49:34 Two-Man Saw
51:19 Stone Shaft Mining
52:23 Siege Ram
54:02 Plate Mail Armor
57:11 Fletching
明月清风
6:22 Loom
13:47 Feudal Age
15:59 Fletching
22:01 Castle Age
26:56 Double-Bit Axe
27:07 Gold Mining
30:59 Bow Saw
45:17 Wheelbarrow
47:00 Horse Collar
48:36 Fishing Lines
58:21 Imperial Age
58:30 Hand Cart
58:29 Onager
58:34 Northmen's Fury
59:35 Conscription
鱼塘里的鱼儿
5:11 Loom
13:06 Feudal Age
20:17 Double-Bit Axe
23:36 Fletching
24:42 Town Watch
25:33 Wheelbarrow
28:17 Castle Age
29:37 Medium Warships
30:20 Bow Saw
30:14 Bodkin Arrow
31:54 Horse Collar
38:44 Hand Cart
38:13 Fishing Lines
41:08 Gillnets
41:56 Town Patrol
42:06 Town Patrol
42:13 Town Patrol
42:09 Stone Mining
42:12 Gold Mining
47:08 Imperial Age
48:24 Coinage
49:24 Bracer
50:36 Gold Shaft Mining
51:59 Siege Engineers
51:18 Onager
53:11 Two-Man Saw
53:33 Ballistics
53:45 Murder Holes
54:19 Conscription
55:57 Hoardings
56:30 Fortified Wall
56:26 Heavy Plow
56:57 Counterweights
57:11 Siege Onager
3A King Arthur
7:34 Loom
13:15 Feudal Age
20:55 Castle Age
21:04 Stone Mining
30:31 Double-Bit Axe
38:50 Fletching
53:04 Pikeman
55:14 Bodkin Arrow
56:04 Fishing Lines
61:23 Imperial Age
59:55 Gold Mining
(3A) Lü Bu king
12:05 Loom
14:19 Feudal Age
15:40 Double-Bit Axe
15:38 Fishing Lines
18:18 Castle Age
16:31 Fletching
17:34 Stone Mining
18:02 Gold Mining
18:59 Bodkin Arrow
19:26 Bow Saw
19:17 Gillnets
23:19 Horse Collar
29:00 Imperial Age
27:02 Heavy Plow
28:16 Wheelbarrow
28:55 Padded Archer Armor
30:16 Bracer
31:56 Chemistry
30:37 Treadmill Crane
32:05 Coinage
35:33 Ballistics
36:52 Leather Archer Armor
37:58 Elite Rattan Archer
44:46 Chatras
44:54 Scale Barding Armor
45:00 Forging
45:21 Ring Archer Armor
45:50 Hand Cart
46:19 Bloodlines
45:59 Elite Battle Elephant
46:40 Husbandry
47:06 Chain Barding Armor
47:22 Iron Casting
49:01 Plate Barding Armor
50:28 Banking
51:38 Light Cavalry
jichuo
5:56 Loom
13:06 Feudal Age
13:31 Double-Bit Axe
14:40 Gold Mining
15:30 Fishing Lines
19:56 Castle Age
19:08 Forging
19:06 Scale Barding Armor
21:39 Medium Warships
23:33 Wheelbarrow
23:40 Stone Mining
24:42 Gillnets
26:56 Town Watch
30:40 Bloodlines
32:12 Gold Shaft Mining
33:09 Husbandry
34:54 Stone Shaft Mining
35:22 Hand Cart
35:04 Horse Collar
38:40 Imperial Age
37:02 Chain Barding Armor
37:17 Iron Casting
36:56 Bow Saw
37:34 Town Patrol
38:27 Herbal Medicine
38:21 Heavy Camel Rider
38:25 Cavalier
39:29 Conscription
40:10 Plate Barding Armor
41:13 Blast Furnace
40:12 Savar
43:49 Light Cavalry
48:10 Padded Archer Armor
48:01 Fletching
47:52 Capped Ram
49:49 Parthian Tactics
49:30 Thumb Ring
50:29 Citadels
50:13 Heavy Cavalry Archer
54:13 Leather Archer Armor
53:53 Bodkin Arrow
59:27 Masonry
Connection lost

Rejoining the realm…

Still unreachable

The connection could not be restored.

Session expired

The server has moved on; the page needs a fresh start.